Map: Eternal Empire LE

Players

liquidthermy (uThermal) - Winner!

  • Race: Terran Terran
  • Spawn Location: 7:00

Denver

  • Race: Zerg Zerg
  • League: Grandmaster
  • Spawn Location: 1:00

VOD

Have the link to the VOD?

Description

Time

  • Played on: April 4, 2020, 2:11 p.m.
  • Length: 24:56
Show
View Real Time Build Order
Export as new Build Order

liquidthermy Terran - Winner!

Build Orders: Reaper Expand, Mech 

Get SALT Encoding   

  12  0:01  SCV  
  13  0:13  SCV  
  14  0:18  Supply Depot  
  14  0:25  SCV  
  15  0:39  SCV  
  15  0:41  Barracks  
  16  0:43  Refinery  
  16  0:52  SCV  
  17  1:04  SCV  
  18  1:16  SCV  
  19  1:28  Reaper  
  19  1:29  Orbital Command  
  20  1:40  Command Center  
  20  1:48  Supply Depot  
  20  1:55  SCV  
  20  2:00  Marine  
  22  2:07  SCV  
  23  2:09  Factory  
  23  2:14  Refinery  
  23  2:18  Marine  
  23  2:19  SCV  
  25  2:31  SCV  
  26  2:37  Barracks Reactor  
  26  2:43  SCV  
  27  2:55  Orbital Command, SCV, Starport  
  28  3:07  SCV  
  28  3:11  Command Center  
  29  3:18  Hellion  
  29  3:19  SCV  
  32  3:20  SCV  
  32  3:25  Hellion  
  35  3:32  Fusion Core  
  35  3:40  SCV  
  36  3:45  Starport Tech Lab, Hellion  
  36  3:47  Hellion  
  36  3:48  SCV  
  40  3:53  SCV  
  41  3:57  Supply Depot  
  41  4:00  SCV  
  42  4:05  SCV  
  43  4:12  SCV  
  43  4:14  Hellion  
  46  4:19  Hellion  
  46  4:20  Battlecruiser  
  46  4:22  SCV  
  55  4:27  Orbital Command  
  55  4:28  SCV  
  56  4:35  Hellion  
  56  4:36  SCV  
  59  4:40  SCV, Refinery  
  59  4:41  Hellion, Refinery  
  62  4:48  Supply Depot  
  62  4:51  Supply Depot, SCV  
  62  4:52  SCV  
  64  4:54  SCV  
  65  5:00  Hellion  
  65  5:03  Hellion  
  69  5:10  SCV x2  
  71  5:16  Orbital Command, Factory x2  
  71  5:22  SCV x2  
  71  5:23  Hellion  
  71  5:24  Hellion  
  75  5:31  Battlecruiser  
  75  5:34  SCV  
  80  5:40  SCV  
  81  5:45  Hellion  
  81  5:46  Hellion  
  81  5:48  SCV x2  
  85  5:54  Weapon Refit  
  85  5:56  SCV  
  86  5:59  Refinery  
  86  6:01  Factory Tech Lab x2, SCV  
  86  6:04  SCV, Refinery  
  87  6:08  Hellion x2  
  87  6:10  SCV  
  87  6:13  SCV  
  87  6:15  Supply Depot  
  87  6:16  SCV  
  89  6:21  Siege Tank  
  89  6:23  SCV  
  93  6:32  SCV x2  
  93  6:34  Hellion  
  93  6:35  Hellion  
  93  6:37  Siege Tank  
  94  6:42  SCV  
  94  6:43  Supply Depot  
  94  6:44  SCV  
  96  6:51  Battlecruiser  
  96  6:53  SCV  
  101  6:56  Hellion  
  101  6:59  SCV  
  98  7:01  Supply Depot  
  98  7:02  Hellion  
  98  7:05  Engineering Bay, Hellion  
  102  7:10  Siege Tank, Armory  
  102  7:11  Armory  
  102  7:12  SCV  
  102  7:14  SCV  
  107  7:20  Supply Depot  
  107  7:21  SCV  
  108  7:23  Siege Tank  
  108  7:24  Supply Depot, SCV  
  108  7:27  Hellion  
  108  7:28  SCV  
  115  7:37  Factory  
  115  7:39  Factory, SCV  
  115  7:40  Missile Turret  
  115  7:42  Missile Turret  
  116  7:45  Missile Turret  
  116  7:46  Siege Tank  
  116  7:47  SCV  
  116  7:49  Hellion  
  120  7:55  Siege Tank  
  123  7:59  Terran Vehicle Weapons Level 1, Terran Vehicle And Ship Armor Level 1  
  123  8:00  Supply Depot  
  123  8:08  Infernal Pre-Igniter, Mag-Field Accelerator  
  123  8:09  Command Center  
  123  8:12  Supply Depot  
  123  8:17  Hellion x2  
  127  8:20  Supply Depot  
  127  8:24  Factory Tech Lab, Factory Reactor  
  125  8:28  Hellion  
  123  8:34  Command Center  
  123  8:40  Sensor Tower  
  121  8:41  Cyclone  
  121  8:42  Hellion x2  
  126  8:51  SCV  
  126  8:52  Cyclone x2  
  126  8:53  SCV  
  134  8:56  SCV  
  134  8:59  Battlecruiser  
  134  9:01  Unknown  
  141  9:03  SCV  
  141  9:07  SCV  
  143  9:13  Cyclone  
  143  9:14  Hellion  
  143  9:15  Hellion x2  
  152  9:18  Supply Depot, Command Center  
  152  9:19  Supply Depot  
  152  9:24  Cyclone  
  152  9:26  Cyclone  
  152  9:30  SCV  
  159  9:32  Sensor Tower  
  159  9:34  SCV  
  160  9:45  Hellion  
  162  9:49  Factory x2  
  162  9:50  Factory  
  160  9:54  Cyclone  
  160  9:55  Orbital Command  
  160  9:58  Sensor Tower  
  163  10:02  Cyclone  
  163  10:04  Terran Vehicle Weapons Level 2  
  163  10:06  Marine  
  163  10:09  SCV x3  
  163  10:12  Cyclone  
  169  10:18  Missile Turret  
  166  10:26  Cyclone  
  165  10:31  Orbital Command  
  165  10:33  Planetary Fortress  
  165  10:35  Cyclone  
  168  10:36  Factory Tech Lab x2, Factory Reactor  
  168  10:40  Hellion  
  168  10:41  Hellion x2  
  168  10:46  Siege Tank  
  168  10:47  Hellion, SCV  
  154  10:59  Hellion  
  154  11:00  Terran Vehicle And Ship Armor Level 2  
  154  11:02  Battlecruiser  
  154  11:03  SCV x4  
  166  11:07  Siege Tank  
  166  11:10  Hellion x2, SCV  
  174  11:13  Hellion  
  174  11:15  SCV x2  
  180  11:18  Siege Tank, Hellion  
  180  11:25  Hellion, Siege Tank  
  190  11:26  Hellion  
  190  11:37  Siege Tank, Missile Turret, Hellion  
  190  11:39  Missile Turret  
  192  11:42  Siege Tank, Hellion  
  192  11:43  Siege Tank, Hellion  
  199  11:48  SCV  
  199  11:49  Orbital Command  
  200  12:05  Hellion  
  195  12:14  Thor  
  199  12:17  Refinery  
  199  12:19  Refinery  
  199  12:20  Refinery x2  
  199  12:22  Command Center x2  
  199  12:24  Command Center  
  199  12:54  Thor  
  198  13:06  Refinery  
  198  13:18  Terran Vehicle Weapons Level 3  
  198  13:19  Terran Vehicle And Ship Armor Level 3  
  198  13:29  Command Center x2  
  198  13:36  Hellion  
  170  13:50  Orbital Command x2, Thor  
  170  13:51  Thor  
  160  13:55  Widow Mine  
  160  13:57  Thor  
  160  13:58  Hellion  
  160  13:59  Siege Tank, Hellion  
  160  14:02  Hellion  
  175  14:04  Thor  
  175  14:08  Missile Turret  
  175  14:09  Missile Turret  
  181  14:10  Missile Turret  
  176  14:21  Hellion x2  
  176  14:22  Battlecruiser  
  160  14:28  Hellion  
  160  14:30  Thor  
  168  14:33  Thor x2  
  168  14:34  Hellion  
  168  14:35  Hellion  
  184  14:40  Thor  
  184  14:41  Hellion  
  184  14:47  Thor  
  184  14:49  Hellion x2  
  184  14:50  Hellion  
  196  14:56  Orbital Command, Hellion  
  198  15:05  Sensor Tower  
  192  15:09  Missile Turret  
  192  15:12  Hellion  
  192  15:14  Siege Tank, Hellion  
  195  15:15  Hellion  
  199  15:27  Smart Servos  
  197  15:31  Siege Tank  
  197  15:32  Hellion  
  185  15:46  Thor  
  185  15:47  Thor  
  185  15:49  Hellion  
  199  15:54  Hellion  
  197  15:58  Hellion  
  199  16:09  Orbital Command  
  199  16:10  Siege Tank  
  199  16:11  Siege Tank, Hellion x2  
  195  16:12  Siege Tank, Hellion  
  196  16:23  Hellion  
  198  16:26  Hellion  
  192  16:43  Siege Tank  
  192  16:44  Siege Tank, Hellion x2  
  192  16:45  Battlecruiser, Siege Tank x2, Hellion x2  
  188  17:19  Thor  
  194  17:27  Hellion  
  196  17:33  Hellion x2  
  196  17:40  Hellion x3  
  196  17:42  Hellion  
  196  17:45  SCV x3  
  174  17:52  Battlecruiser  
  174  17:57  Terran Ship Weapons Level 1  
  177  18:01  Hellion  
  177  18:04  Cyclone  
  177  18:05  Hellion  
  180  18:07  SCV x2  
  180  18:09  SCV x2  
  187  18:12  Cyclone  
  187  18:13  Hellion, Cyclone  
  187  18:17  SCV  
  193  18:23  Hellion  
  193  18:24  Hellion x2  
  199  18:27  Siege Tank, Hellion  
  199  18:29  SCV x2  
  199  18:42  SCV  
  200  18:54  Command Center  
  200  18:57  Command Center  
  200  19:03  Sensor Tower  
  200  19:04  Unknown  
  200  19:08  Command Center  
  200  19:09  Command Center  
  200  19:11  Hellion  
  200  19:21  Cyclone  
  191  19:31  Cyclone  
  191  19:36  Cyclone  
  191  19:37  Cyclone x2  
  191  19:38  Hellion  
  177  19:39  Hellion  
  144  19:46  Hellion  
  144  19:52  Hellion  
  139  19:53  Siege Tank  
  142  20:00  Hellion x3  
  142  20:04  Siege Tank  
  151  20:08  Cyclone  
  151  20:09  Cyclone x2  
  155  20:16  Hellion  
  148  20:26  Cyclone  
  143  20:30  Hellion  
  143  20:34  Hellion  
  143  20:35  SCV x3  
  138  20:36  Cyclone  
  138  20:40  Cyclone  
  138  20:41  Cyclone x2  
  138  20:42  Hellion x2  
  154  20:45  SCV  
  154  20:49  SCV  
  154  20:51  SCV  
  154  20:53  Hellion  
  154  20:56  Hellion  
  159  20:58  Cyclone  
  159  21:03  Hellion x2  
  163  21:04  Hellion  
  163  21:08  Cyclone  
  163  21:10  Hellion  
  170  21:12  Cyclone  
  170  21:18  Command Center  
  173  21:19  Orbital Command  
  173  21:21  Hellion  
  173  21:24  Cyclone  
  173  21:25  Orbital Command  
  178  21:26  Orbital Command  
  178  21:39  Hellion x6, Cyclone  
  170  21:42  Cyclone x2  
  174  21:47  Battlecruiser  
  174  21:53  Planetary Fortress  
  180  22:02  Thor  
  180  22:03  Terran Ship Weapons Level 2  
  186  22:15  Hellion, Cyclone  
  191  22:18  Hellion, Cyclone  
  191  22:20  Hellion  
  191  22:21  Hellion  
  200  22:35  Hellion, Cyclone  
  186  22:53  Hellion  
  186  22:54  Hellion, Cyclone  
  186  22:57  Hellion  
  162  22:59  Cyclone  
  162  23:00  Battlecruiser, Hellion  
  158  23:08  Hellion, Cyclone  
  163  23:14  Hellion, Cyclone  
  163  23:17  Cyclone  
  163  23:19  SCV  
  172  23:22  Hellion  
  172  23:26  Hellion, Cyclone  
  177  23:31  Cyclone  
  177  23:32  Hellion  
  177  23:33  Hellion  
  181  23:35  Hellion x9  
  181  23:39  Hellion  
  181  23:40  Cyclone  
  186  23:41  Hellion  
  186  23:46  Cyclone  
  186  23:48  Hellion  
  191  23:49  Cyclone  
  194  23:57  Hellion  
  194  23:58  Cyclone  
  194  24:01  Orbital Command  
  199  24:06  Hellion  
  200  24:23  Refinery  
  200  24:24  Refinery  
  200  24:28  Hellion  
Show
View Real Time Build Order
Export as new Build Order

Denver Zerg 

Build Orders: Hatch First, Swarm Host 

Get SALT Encoding   

  12  0:00  Drone  
  13  0:12  Overlord  
  13  0:16  Drone  
  14  0:30  Drone x2  
  16  0:48  Hatchery  
  15  0:52  Drone  
  15  0:55  Drone  
  17  0:59  Drone  
  18  1:09  Extractor  
  17  1:14  Spawning Pool  
  17  1:17  Drone  
  17  1:20  Drone  
  18  1:28  Drone  
  19  1:38  Drone  
  20  1:49  Drone  
  21  2:01  Queen x2  
  21  2:02  Zergling x4  
  27  2:10  Metabolic Boost, Overlord  
  27  2:14  Drone  
  28  2:33  Extractor  
  28  2:34  Hatchery  
  28  2:36  Drone  
  27  2:38  Drone  
  27  2:43  Drone  
  30  2:50  Overlord  
  30  2:51  Drone  
  30  2:52  Drone  
  30  2:58  Overlord  
  32  3:00  Drone  
  33  3:07  Drone x2  
  33  3:12  Drone x3  
  38  3:16  Drone  
  38  3:19  Drone  
  40  3:22  Queen  
  42  3:28  Pneumatized Carapace  
  42  3:31  Overlord  
  42  3:39  Drone x2  
  44  3:42  Overlord  
  44  3:45  Overlord  
  44  3:48  Drone x4  
  45  3:53  Queen  
  50  3:59  Overlord  
  50  4:01  Drone  
  50  4:02  Drone x2  
  53  4:05  Drone x2  
  54  4:11  Drone  
  54  4:13  Queen  
  54  4:14  Drone  
  58  4:17  Drone  
  58  4:20  Zergling x4  
  58  4:21  Queen  
  63  4:30  Zergling x6, Roach Warren  
  65  4:33  Drone x2  
  65  4:34  Drone  
  68  4:45  Drone, Overlord  
  70  4:48  Lair  
  70  4:49  Evolution Chamber  
  70  4:51  Drone x4  
  71  4:54  Spore Crawler  
  71  4:55  Extractor  
  71  4:56  Spore Crawler  
  71  4:57  Spore Crawler  
  71  4:59  Drone x5  
  72  5:04  Overlord  
  72  5:07  Drone x3  
  72  5:11  Spore Crawler  
  72  5:12  Queen  
  76  5:15  Roach  
  76  5:16  Overlord  
  76  5:19  Queen  
  80  5:23  Roach  
  80  5:24  Roach  
  84  5:30  Roach x2  
  84  5:31  Overlord  
  84  5:32  Overlord  
  88  5:41  Overlord  
  88  5:46  Roach, Zergling x8  
  90  5:50  Drone x2  
  90  5:53  Extractor x2  
  90  5:54  Extractor, Spire  
  87  6:00  Drone x5  
  92  6:07  Drone x2  
  92  6:08  Drone x3  
  97  6:12  Overseer  
  97  6:19  Hatchery  
  97  6:23  Drone x4  
  100  6:27  Glial Reconstitution, Extractor  
  100  6:28  Zerg Missile Weapons Level 1  
  93  6:35  Overlord  
  93  6:37  Drone x2  
  93  6:38  Drone x4  
  87  6:43  Drone x4  
  87  6:49  Drone x3  
  85  6:59  Drone x3  
  83  7:08  Drone x4  
  87  7:13  Drone x2  
  87  7:14  Drone x5  
  94  7:19  Drone  
  94  7:20  Evolution Chamber  
  94  7:21  Baneling Nest  
  93  7:31  Corruptor  
  93  7:32  Corruptor x4  
  93  7:34  Drone x3  
  106  7:39  Drone x3  
  106  7:43  Drone  
  106  7:44  Drone x4  
  114  7:47  Zerg Melee Weapons Level 1  
  114  7:55  Drone x5  
  119  8:05  Overlord  
  119  8:06  Centrifical Hooks  
  119  8:08  Roach x6  
  119  8:12  Overlord x2  
  131  8:16  Overlord  
  131  8:20  Hatchery  
  131  8:21  Unknown  
  129  8:32  Zergling x14  
  129  8:33  Roach x3  
  142  8:38  Drone  
  142  8:40  Infestation Pit, Drone x3  
  142  8:41  Overlord x3  
  145  8:44  Corruptor  
  147  8:54  Corruptor x2  
  151  8:56  Overlord  
  151  8:58  Overlord  
  147  9:09  Drone  
  143  9:10  Drone x4  
  143  9:12  Overlord  
  146  9:17  Swarm Host x8  
  146  9:20  Overlord  
  170  9:27  Nydus Network, Overlord  
  170  9:30  Zerg Missile Weapons Level 2  
  169  9:35  Drone x3  
  172  9:42  Roach  
  172  9:43  Roach x6, Zergling x2  
  172  9:44  Swarm Host  
  186  9:50  Overseer  
  184  9:53  Zerg Melee Weapons Level 2, Hive  
  184  9:57  Swarm Host x3  
  188  10:03  Zergling x2  
  188  10:04  Zergling x12  
  194  10:10  Burrow  
  185  10:23  Roach x7  
  185  10:25  Nydus Canal  
  198  10:34  Spore Crawler  
  198  10:35  Spore Crawler  
  187  10:48  Roach x10  
  195  10:53  Corruptor x8  
  198  10:58  Extractor  
  197  11:10  Zergling x6  
  200  11:18  Nydus Canal  
  200  11:21  Zerg Flyer Weapons Level 1  
  200  11:22  Roach x22  
  200  11:23  Spire  
  199  11:28  Ravager  
  200  11:34  Roach x22  
  197  11:43  Hatchery  
  196  11:51  Baneling x4  
  195  12:06  Drone  
  195  12:07  Drone x12  
  199  12:14  Zerg Melee Weapons Level 3  
  199  12:16  Nydus Canal  
  199  12:25  Adrenal Glands, Extractor  
  198  12:31  Corruptor x5  
  199  12:41  Zerg Flyer Armor Level 1  
  197  13:03  Zergling x12  
  191  13:15  Zergling x30  
  191  13:19  Zerg Flyer Weapons Level 2  
  197  13:26  Baneling x12  
  189  13:28  Ravager x7  
  197  13:34  Zergling x6  
  197  13:39  Baneling x12  
  176  13:49  Zergling x28  
  176  13:50  Roach, Zergling x4  
  181  13:58  Swarm Host x5  
  181  14:01  Swarm Host  
  188  14:19  Zergling x38  
  188  14:20  Zergling x2  
  195  14:28  Hatchery  
  187  14:32  Hatchery  
  187  14:35  Zergling x2  
  187  14:36  Zergling x22  
  187  14:37  Nydus Canal  
  180  14:48  Drone x5  
  180  14:49  Drone x3  
  182  14:54  Swarm Host x5  
  195  15:04  Queen  
  192  15:08  Baneling x16  
  192  15:12  Zergling x14  
  199  15:14  Zerg Missile Weapons Level 3  
  199  15:18  Pathogen Glands  
  199  15:25  Nydus Canal  
  187  15:47  Zergling x18  
  196  15:56  Zergling x16  
  200  16:00  Baneling  
  190  16:13  Zergling x22  
  190  16:14  Neural Parasite  
  190  16:17  Baneling  
  190  16:18  Baneling x9  
  192  16:20  Baneling x21  
  192  16:23  Roach Warren  
  179  16:36  Zergling x12  
  179  16:37  Zergling x24  
  190  16:43  Queen, Zergling x8  
  151  17:02  Zergling x2  
  151  17:03  Zergling x36  
  155  17:17  Roach x9  
  155  17:18  Queen  
  164  17:26  Roach x8  
  161  17:34  Queen  
  161  17:35  Spire  
  157  17:37  Roach x2, Zergling x2  
  157  17:38  Roach x2, Zergling x8  
  151  17:53  Zergling x28  
  151  17:54  Roach  
  151  17:58  Spire  
  147  18:17  Hatchery  
  132  18:29  Roach x10  
  152  18:35  Ravager x10  
  152  18:37  Roach x3  
  152  18:38  Roach x2  
  152  18:39  Roach x3  
  176  18:47  Corruptor x6  
  176  18:48  Corruptor x2  
  192  19:00  Ravager x2  
  192  19:01  Ravager x6  
  200  19:03  Baneling x6  
  200  19:04  Baneling x8  
  200  19:10  Zerg Flyer Weapons Level 3  
  200  19:22  Corruptor  
  200  19:23  Corruptor x4  
  189  19:33  Zergling x6  
  189  19:34  Zergling x24  
  182  19:43  Zergling x22  
  154  19:51  Corruptor  
  154  19:52  Corruptor x2  
  129  19:55  Drone x4  
  129  19:56  Drone  
  134  20:08  Roach x5  
  142  20:20  Roach x5  
  143  20:27  Roach x3  
  144  20:35  Zergling x12  
  140  20:39  Roach x2  
  142  20:44  Infestor x2  
  143  20:52  Zergling x12  
  149  21:15  Unknown, Roach x10, Zergling x10  
  149  21:17  Ravager x4  
  174  21:20  Infestor  
  174  21:21  Infestor  
  165  21:27  Extractor  
  165  21:28  Zergling x20  
  169  21:41  Infestor  
  169  21:44  Drone x2  
  169  21:45  Drone x2  
  169  21:46  Extractor  
  173  21:48  Spore Crawler  
  172  21:58  Roach, Zergling x38  
  172  22:00  Baneling x4  
  172  22:01  Baneling  
  193  22:08  Infestor x3  
  188  22:22  Zergling x22  
  198  22:23  Zergling x2  
  153  22:55  Roach, Zergling x48  
  112  23:08  Roach x8  
  128  23:19  Roach x4  
  132  23:25  Roach x2  
  129  23:31  Roach x5  
  128  23:41  Roach  
  128  23:42  Roach x6  
  142  23:51  Baneling x8  
  142  23:59  Zergling x10  
  147  24:07  Baneling  
  147  24:08  Baneling  
  138  24:10  Zergling x2  
  138  24:11  Zergling x10  
Tags
 
Add a new tag
Caveats
  • Supply blocks, unpowered buildings, or Contaminate may cause inaccurate times.
  • Supply counts are checked every 10 seconds.